 Dungeon Sprint DCSS version 0.27-a0-277-g024f7ef292 (webtiles) character file.

Game seed: 9579376942147347280

10384 mhtbhm the Severer (level 11, -6/175 HPs)
             Began as a Minotaur Berserker on Feb 7, 2021.
             Was the Champion of Trog.
             Killed from afar by an ancient lich (95 damage)
             ... with a crystal spear
             ... in the Dungeon (Sprint VII: "The Pits").
             The game lasted 00:02:33 (1435 turns).

mhtbhm the Severer (Minotaur Berserker)             Turns: 1435, Time: 00:02:35

Health: -6/175     AC: 18    Str: 30    XL:     11   Next: 35%
Magic:  10/10      EV: 13    Int:  4    God:    Trog [******]
Gold:   0          SH:  0    Dex: 11    Spells: 10/10 levels left

rFire    . . .     SeeInvis .   t - +7 battleaxe (flame)
rCold    . . .     Faith    .   (shield currently unavailable)
rNeg     . . .     Spirit   .   b - +4 chain mail
rPois    .         Reflect  .   (helmet restricted)
rElec    .         Harm     .   s - +0 cloak
rCorr    .         Rampage  .   (no gloves)
Will     .....     NoTele   +   (no boots)
Stlth    ..........             (no amulet)
HPRegen  0.39/turn              n - +3 ring of strength
MPRegen  0.12/turn              o - +3 ring of strength

@: berserking (expiring), very quick
A: retaliatory headbutt, horns 2
a: Renounce Religion, Berserk, Trog's Hand, Brothers in Arms


You were in the Dungeon.
You worshipped Trog.
Trog was exalted by your worship.
You visited 1 branch

Inventory:

Hand Weapons
 a - a +3 vorpal executioner's axe
 t - a +7 battleaxe of flaming (weapon)
Armour
 b - a +4 chain mail (worn)
 s - a +0 cloak (worn)
Jewellery
 n - a +3 ring of strength (left hand)
 o - a +3 ring of strength (right hand)
Wands
 l - a wand of random effects (15)
Scrolls
 h - a scroll of blinking
 j - 3 scrolls of remove curse
 k - a scroll of summoning
Potions
 c - 9 potions of curing
 d - 8 potions of heal wounds
 e - a potion of haste
 f - 4 potions of magic
 g - 4 potions of berserk rage
 i - 2 potions of invisibility
 m - a potion of flight {unknown}
 p - a potion of resistance
 q - a potion of might
 r - a potion of mutation


   Skills:
 + Level 17.4 Fighting
 + Level 20.6 Axes
 + Level 13.8 Armour
 + Level 10.4 Dodging
 + Level 0.6 Stealth


You had 10 spell levels left.
You didn't know any spells.
Your spell library was empty.

Dungeon Overview and Level Annotations

Branches:
Dungeon (1/1)

Altars:
Cheibriados
Dithmenos
Elyvilon
Fedhas
Gozag
Hepliaklqana
Makhleb
Nemelex Xobeh
Okawaru
Qazlal
Ru
Sif Muna
Trog
Vehumet
Wu Jian
Xom
Yredelemnul
Zin
The Shining One
Beogh
Jiyva
Lugonu


Innate Abilities, Weirdness & Mutations

You reflexively headbutt those who attack you in melee.
You have a pair of horns on your head.


Message History

You headbutt the ancient lich, but do no damage.
The ancient lich is lightly damaged.
The ancient lich touches you but does no damage.
You slash the ancient lich! You burn the ancient lich.
The ancient lich is lightly damaged.
You slice the ancient lich!! You burn the ancient lich.
The ancient lich is moderately damaged.
The ancient lich gestures at you while chanting.
The crystal spear misses you.
You barely miss the ancient lich.
The ancient lich is moderately damaged.
The ancient lich casts a spell at you. The bolt of acid hits you!!
You are splashed with acid!
You slash the ancient lich! You burn the ancient lich.
Your headbutt misses the ancient lich.
The ancient lich is heavily damaged.
The ancient lich points at you and mumbles some strange words.
The crystal spear hits you!!!!
Ouch! That really hurt!
You die...

#+# #L# #@# #)#
#'# #.# #'#
################'#
...)..........)..#
...............).#
+##############..#


You could see an ancient lich (fast).

Vanquished Creatures
  A Brimstone Fiend (D)
  A reaper (D)
  A boulder beetle (D)
  A death yak (D)
  A sixfirhy (D)
  A spriggan druid (D)
  2 deep elf pyromancers (D)
  An orc sorcerer (D)
  A black mamba (D)
  An orange demon (D)
  A guardian mummy (D)
  A troll (D)
  A wind drake (D)
  6 dream sheep (D)
  A flying skull (D)
  A spriggan (D)
  2 water moccasins (D)
  Duvessa (D)
  A necrophage (D)
  An ogre (D)
  A centaur (D)
  A bullfrog (D)
  Dowan (D)
  A jelly (D)
  Jessica (D)
  2 worker ants (D)
  An adder (D)
  2 river rats (D)
  An ooze (D)
  A leopard gecko (D)
  An orc (D)
  A giant cockroach (D)
  A frilled lizard (D)
  A goblin (D)
  2 kobolds (D)
45 creatures vanquished.

Notes
Turn   | Place    | Note
-------+----------+-------------------------------------------
     0 | D        | mhtbhm the Minotaur Berserker began the quest for the Orb.
     0 | D        | Reached XP level 1. HP: 19/19 MP: 0/0
    13 | D        | Reached skill level 4 in Axes
    13 | D        | Reached XP level 2. HP: 24/28 MP: 1/1
    17 | D        | Found a bloodstained altar of Trog.
    17 | D        | Found a shimmering blue altar of Sif Muna.
    17 | D        | Found a viscous altar of Jiyva.
    17 | D        | Found a hazy altar of Hepliaklqana.
    17 | D        | Found an opulent altar of Gozag.
    18 | D        | Found a glowing golden altar of the Shining One.
    18 | D        | Found a glowing silver altar of Zin.
    18 | D        | Found a basalt altar of Yredelemnul.
    18 | D        | Found a shimmering altar of Xom.
    18 | D        | Found an ornate altar of the Wu Jian Council.
    18 | D        | Found a sacrificial altar of Ru.
    18 | D        | Found a stormy altar of Qazlal.
    18 | D        | Found an iron altar of Okawaru.
    18 | D        | Found a sparkling altar of Nemelex Xobeh.
    18 | D        | Found a burning altar of Makhleb.
    18 | D        | Found a blossoming altar of Fedhas.
    18 | D        | Found a white marble altar of Elyvilon.
    18 | D        | Found a shadowy altar of Dithmenos.
    18 | D        | Found a snail-covered altar of Cheibriados.
    58 | D        | Reached ** piety under Trog
    65 | D        | Reached skill level 5 in Fighting
    65 | D        | Reached skill level 5 in Axes
    73 | D        | Noticed Dowan
    75 | D        | Noticed Duvessa
    78 | D        | Reached *** piety under Trog
    79 | D        | Killed Duvessa
    80 | D        | Reached skill level 8 in Axes
    80 | D        | Reached XP level 3. HP: 40/40 MP: 2/2
    80 | D        | Reached XP level 4. HP: 48/48 MP: 3/3
    80 | D        | Reached XP level 5. HP: 53/53 MP: 4/4
    85 | D        | Killed Dowan
    85 | D        | Reached **** piety under Trog
    86 | D        | Reached skill level 9 in Axes
    86 | D        | Reached skill level 5 in Dodging
   155 | D        | Noticed a necrophage
   159 | D        | Reached skill level 10 in Axes
   159 | D        | Reached skill level 5 in Armour
   159 | D        | Reached XP level 6. HP: 64/64 MP: 5/5
   166 | D        | Reached skill level 10 in Fighting
   166 | D        | Reached skill level 11 in Axes
   182 | D        | Noticed Jessica
   188 | D        | Reached ***** piety under Trog
   189 | D        | Killed Jessica
   204 | D        | Noticed a water moccasin
   211 | D        | Killed a water moccasin
   212 | D        | Reached skill level 12 in Axes
   212 | D        | Reached XP level 7. HP: 74/74 MP: 6/6
   214 | D        | Noticed a deep elf pyromancer
   220 | D        | Killed a deep elf pyromancer
   221 | D        | Reached skill level 13 in Axes
   221 | D        | Reached XP level 8. HP: 85/85 MP: 7/7
   258 | D        | Received a gift from Trog
   268 | D        | Reached skill level 14 in Axes
   381 | D        | Noticed a flying skull
   381 | D        | Noticed a death yak
   388 | D        | Killed a flying skull
   392 | D        | Killed a death yak
   392 | D        | Received a gift from Trog
   393 | D        | Reached skill level 15 in Axes
   393 | D        | Reached XP level 9. HP: 95/95 MP: 8/8
   546 | D        | Found a radiant altar of Vehumet.
   546 | D        | Found a corrupted altar of Lugonu.
   546 | D        | Found a roughly hewn altar of Beogh.
   572 | D        | Noticed a troll
   572 | D        | Noticed a guardian mummy
   578 | D        | Killed a troll
   581 | D        | Killed a guardian mummy
   582 | D        | Reached skill level 16 in Axes
   636 | D        | Noticed an orange demon
   636 | D        | Noticed a sixfirhy
   642 | D        | Killed a sixfirhy
   643 | D        | Reached skill level 15 in Fighting
   646 | D        | Killed an orange demon
   647 | D        | Reached skill level 17 in Axes
   691 | D        | Noticed an orc sorcerer
   692 | D        | Noticed a wind drake
   694 | D        | Noticed a rust devil
   697 | D        | Noticed a rust devil
   704 | D        | Killed an orc sorcerer
   704 | D        | Received a gift from Trog
   711 | D        | Killed a wind drake
   712 | D        | Reached skill level 10 in Armour
   712 | D        | Reached XP level 10. HP: 84/106 MP: 9/9
   894 | D        | Noticed a spriggan druid
   895 | D        | Noticed a boulder beetle
   901 | D        | Killed a spriggan druid
   902 | D        | Reached skill level 18 in Axes
   903 | D        | Killed a boulder beetle
   903 | D        | Reached ****** piety under Trog
   903 | D        | Received a gift from Trog
   963 | D        | Noticed a black mamba
   963 | D        | Noticed a deep elf pyromancer
   967 | D        | Killed a deep elf pyromancer
   971 | D        | Killed a black mamba
   973 | D        | Reached skill level 19 in Axes
   975 | D        | Reached skill level 10 in Dodging
   975 | D        | Received a gift from Trog
  1180 | D        | Noticed a Brimstone Fiend
  1186 | D        | Killed a Brimstone Fiend
  1187 | D        | Reached skill level 20 in Axes
  1187 | D        | Reached XP level 11. HP: 113/117 MP: 10/10
  1423 | D        | Noticed a reaper
  1427 | D        | Killed a reaper
  1429 | D        | Noticed an ancient lich
  1435 | D        | Killed from afar by an ancient lich

Illustrated notes

Levels and vault maps discovered:
D:        pitsprint [storerooms_1, entrance_room_1, metal_vault_3, armoury_1,
          mini_pit_1, grid_room_1, main_hall_1, silver_pit, the_coven_3,
          the_vestibule_1, steel_vault_5, golden_pit, hallway_of_sentries,
          crystal_vault_5, iron_vault_1, final_vault]

Skill      XL: |  1  2  3  4  5  6  7  8  9 10 |
---------------+-------------------------------+-----
Fighting       | 4 8 9 11 12 14 15 17 | 17.4
Axes           | 4 8 10 12 13 15 17 20 | 20.6
Armour         | 4 5 6 7 8 10 13 | 13.8
Dodging        | 4 5 6 7 8 9 10 | 10.4
Stealth        | |  0.6

Action                   |  1- 3 |  4- 6 |  7- 9 | 10-12 || total
-------------------------+-------+-------+-------+-------++-------
Melee: Hand axe          |    13 |    32 |    14 |       ||    59
       Headbutt          |     5 |     8 |     7 |     6 ||    26
       Battleaxe         |       |       |     7 |    20 ||    27
       Broad axe         |       |       |    26 |       ||    26
       Executioner's axe |       |       |       |     6 ||     6
Invok: Berserk           |     1 |       |     5 |     4 ||    10
Armor: Animal skin       |     2 |       |       |       ||     2
       Scale mail        |       |     8 |     2 |       ||    10
       Chain mail        |       |       |    14 |    11 ||    25
Dodge: Dodged            |     9 |    10 |    20 |     7 ||    46

Table legend: (Time is in decaauts)
 A = Elapsed time spent in this place.
 B = Non-inter-level travel time spent in this place.
 C = Inter-level travel time spent in this place.
 D = Time resting spent in this place.
 E = Time spent auto-exploring this place.
 F = Levels seen in this place.
 G = Mean time per level.
                   A        B        C        D        E       F      G
               +--------+--------+--------+--------+--------+-----+--------+
         Total |   1479 |   1479 |      0 |    923 |    119 |   1 | 1479.0 |
       Dungeon |   1479 |   1479 |      0 |    923 |    119 |   1 | 1479.0 |
               +--------+--------+--------+--------+--------+-----+--------+

Top non-repeatable levels by time:
       D: 1479 daAuts
